 Dungeon Crawl Stone Soup version 0.29-a0-207-gf982a884d8 (webtiles) character file.

Game seed: 11752663232580840128

604 freelancePsychic the Sneak (level 7, -1/55 HPs)
             Began as a Naga Enchanter on Feb 23, 2022.
             Was a Believer of Hepliaklqana.
             Slain by a killer bee (5 damage)
             ... on level 5 of the Dungeon.
             The game lasted 00:12:25 (5743 turns).

freelancePsychic the Sneak (Naga Enchanter)         Turns: 5743, Time: 00:12:25

Health: -1/55      AC:  6    Str: 17    XL:     7   Next: 42%
Magic:  10/10      EV:  9    Int: 17    God:    Hepliaklqana [**....]
Gold:   269        SH:  0    Dex: 11    Spells: 5/10 levels left

rFire   . . .      SeeInvis +   a - +4 dagger (freeze)
rCold   . . .      Faith    .   (no shield)
rNeg    . . .      Spirit   .   b - +1 robe
rPois   +          Reflect  .   u - +0 helmet
rElec   .          Harm     .   (no cloak)
rCorr   .          Rampage  .   n - +0 pair of gloves
Will    .....                   (no barding)
Stlth   +++.......              (no amulet)
HPRegen 0.18/turn               g - +6 ring of strength
MPRegen 0.12/turn               (no ring)

@: lethally poisoned (-1 -> -9), short of breath, invisible, very slow
A: reduced essence, AC +2, large, see invisible, deformed body, poison
resistance, slowness 2, spit poison 1, naga tail 1
a: Spit Poison, Renounce Religion, Recall Ancestor, Ancestor Identity


You were on level 5 of the Dungeon.
You worshipped Hepliaklqana.
Hepliaklqana was pleased with you.
You visited 1 branch of the dungeon, and saw 5 of its levels.
You also visited: Sewer.

You collected 269 gold pieces.

Inventory:

Hand Weapons
 a - a +4 dagger of freezing (weapon)
Armour
 b - a +1 robe (worn)
 n - a +0 pair of gloves (worn)
 u - a +0 helmet (worn)
Magical Staves
 d - a staff of fire
Jewellery
 g - a +6 ring of strength (left hand)
 l - a ring of protection from cold
 w - a ring of resist corrosion
Scrolls
 e - a scroll of acquirement {unknown}
 i - a scroll of immolation {unknown}
 j - 3 scrolls of teleportation {@r4}
 m - a scroll of holy word
 p - 2 scrolls of amnesia {unknown}
 q - a scroll of noise {unknown}
 v - 2 scrolls of identify {unknown}
 x - a scroll of enchant weapon
 y - a scroll of vulnerability {unknown}
 z - a scroll of fog {unknown}
Potions
 f - 4 potions of degeneration
 k - 5 potions of lignification {unknown}
 o - a potion of ambrosia {unknown}
 r - a potion of mutation {unknown}
 s - a potion of heal wounds {unknown}
 t - 7 potions of flight


   Skills:
 + Level 3.4 Fighting
 - Level 5.0 Short Blades
 - Level 1.5 Dodging
 + Level 7.2 Stealth
 + Level 2.1 Spellcasting
 * Level 1.5 Conjurations
 * Level 3.4 Hexes


You had 5 spell levels left.
You knew the following spells:

 Your Spells              Type           Power      Damage    Failure   Level
a - Ensorcelled Hibernat  Hex/Ice        14%        N/A       14%         2
b - Confusing Touch       Hex            13%        N/A       14%         3

Your spell library contained the following spells:

 Spells                   Type           Power      Damage    Failure   Level
 Tukima's Dance           Hex            13%        N/A       14%         3
 Dazzling Flash           Conj/Hex       20%        N/A       21%         3
 Airstrike                Air            0%         N/A       88%         4
 Summon Lightning Spire   Summ/Air       1%         N/A       88%         4
 Lightning Bolt           Conj/Air       2%         1d13      98%         5


Dungeon Overview and Level Annotations

Branches:
Dungeon (5/15)             Temple (0/1) D:4           Sewer (visited)

Altars:
Hepliaklqana

Annotations:
D:3 Grinder
D:5 3 runed translucent doors, cyrus's ghost, amateur TrFi


Innate Abilities, Weirdness & Mutations

Your life essence is reduced to manifest your ancestor. (-10% HP)
Your serpentine skin is tough. (AC +2)
You have supernaturally acute eyesight. (SInv)
Armour fits poorly on your strangely shaped body.
Your system is resistant to poisons. (rPois)
You cover ground very slowly.
You can spit poison.
You have a snake-like lower body.


Message History

You have got your breath back.
The killer bee closely misses you.
You feel better. The killer bee barely misses you. The killer bee stings you.
You barely miss the killer bee.
The killer bee is moderately wounded.
The killer bee barely misses you. The killer bee misses you.
You barely miss the killer bee.
The killer bee is moderately wounded.
The killer bee misses you.
You barely miss the killer bee.
The killer bee is moderately wounded.
The killer bee buzzes angrily.
The killer bee stings you. The killer bee barely misses you.
You barely miss the killer bee.
The killer bee is moderately wounded.
The killer bee closely misses you.
You barely miss the killer bee.
The killer bee is moderately wounded.
The killer bee closely misses you.
You barely miss the killer bee.
The killer bee is moderately wounded.
The killer bee stings you.
* * * LOW HITPOINT WARNING * * *
The killer bee stings you!
* * * LOW HITPOINT WARNING * * *
You miss the killer bee. Your punch misses the killer bee.
The killer bee is moderately wounded.
The killer bee barely misses you.
Aiming: Spit Poison (1% risk of failure)
Press: ? - help, Shift-Dir - straight line, f - killer bee
Aim: a killer bee (moderately wounded, 28% to hit)
The splash of poison misses the killer bee.
The splash of poison hits the killer bee.
The killer bee is poisoned.
The killer bee is lightly wounded.
The killer bee stings you.
* * * LOW HITPOINT WARNING * * *
You are lethally poisoned!
The killer bee poisons you! The killer bee stings you.
You die...

#..# #.##.# #.#
##.# #.##.# #[#
#.# #.##.# #.# #†#
#.##.# #.# #.#
#.#..####.# #.#
#......##.. #y#
###.##..... #y#
#)######. #@# #.#
## #.# #># # #.##
#.# # #..#
#.####### ##.#
#.......#
##.#############.#
#.................
#..############...
#..# #...


You could see 2 killer bees.

Vanquished Creatures
  3 killer bees (D:5)
  A howler monkey (D:5)
  A bullfrog zombie (D:5)
  A hound (D:5)
  Jessica (D:2)
  2 hound skeletons
  Robin (D:2)
  A gnoll (D:1)
  5 adders
  3 river rats (Sewer)
  An adder skeleton (D:4)
  5 worms
  A dart slug (D:1)
  7 orcs
  13 bats
  3 endoplasms
  5 giant cockroaches
  18 goblins
  5 hobgoblins
  3 jackals
  A quokka (D:4)
  15 ball pythons
  6 frilled lizards
  4 kobolds
  7 rats
113 creatures vanquished.

Vanquished Creatures (collateral kills)
  A scorpion (D:5)
  A killer bee (D:5)
2 creatures vanquished.

Vanquished Creatures (others)
  A battlemage (D:5)
1 creature vanquished.

Grand Total: 116 creatures vanquished

Notes
Turn   | Place    | Note
-------+----------+-------------------------------------------
     0 | D:1      | freelancePsychic the Naga Enchanter began the quest for the
                  | Orb.
     0 | D:1      | Reached XP level 1. HP: 15/15 MP: 3/3
   263 | D:1      | Found a faded altar of an unknown god.
   354 | D:1      | Reached XP level 2. HP: 24/24 MP: 5/5
   775 | D:1      | Reached skill level 1 in Fighting
   995 | D:1      | Reached XP level 3. HP: 31/31 MP: 6/6
  1019 | D:1      | Reached skill level 5 in Stealth
  1618 | D:2      | Noticed Robin
  1763 | D:2      | Noticed Jessica
  1775 | D:2      | Reached XP level 4. HP: 29/38 MP: 7/7
  1776 | D:2      | Killed Jessica
  2375 | D:2      | Killed Robin
  2399 | D:2      | Reached XP level 5. HP: 28/45 MP: 8/8
  2552 | D:3      | Found a hazy altar of Hepliaklqana.
  2568 | D:3      | Became a worshipper of Hepliaklqana the Forgotten
  2644 | D:3      | Found a glowing drain.
  2656 | Sewer    | Entered a sewer
  3003 | Sewer    | Reached skill level 6 in Stealth
  4032 | D:3      | Reached XP level 6. HP: 55/55 MP: 9/9
  4067 | D:3      | Noticed Grinder
  4319 | D:4      | Found a staircase to the Ecumenical Temple.
  4406 | D:4      | Reached * piety under Hepliaklqana
  4932 | D:5      | Entered Level 5 of the Dungeon
  5017 | D:5      | Reached ** piety under Hepliaklqana
  5018 | D:5      | Remembered your ancestor Aunty Venom as a battlemage
  5322 | D:5      | Found a runed translucent gate.
  5322 | D:5      | Found a runed translucent gate.
  5323 | D:5      | Found a runed translucent gate.
  5324 | D:5      | Noticed cyrus's ghost (amateur TrFi)
  5512 | D:5      | Reached XP level 7. HP: 55/55 MP: 10/10
  5694 | D:5      | Reached skill level 7 in Stealth
  5702 | D:5      | Learned a level 2 spell: Ensorcelled Hibernation
  5706 | D:5      | Learned a level 3 spell: Confusing Touch
  5717 | D:5      | Reached skill level 5 in Short Blades
  5717 | D:5      | Reached skill level 1 in Conjurations
  5743 | D:5      | Slain by a killer bee

Illustrated notes

Levels and vault maps discovered:
D:1:      minmay_arrival_checkered_box, layout_loops_corners,
          nicolae_ecumenical_lake_church
D:2:      layout_rooms, uniq_jessica, uniq_robin
D:3:      minmay_roachtagon, layout_basic, nicolae_hepliaklqana_hazy_memory,
          cheibrodos_sewer_entry_drain, uniq_grinder
D:4:      layout_gridville, minmay_temple_entry_mist
D:5:      layout_loops_ring, gammafunk_ghost_split

Skill      XL: |  1  2  3  4  5  6  7 |
---------------+----------------------+-----
Short Blades   | 2 3 4 5 |  5.0
Fighting       | 1 2 3 |  3.4
Stealth        | 5 6 7 |  7.2
Conjurations   | 1 |  1.5
Dodging        | |  1.5
Spellcasting   | |  2.1
Hexes          | |  3.4

Action                   |  1- 3 |  4- 6 |  7- 9 || total
-------------------------+-------+-------+-------++-------
Melee: Dagger            |    57 |   174 |    17 ||   248
Invok: Ancestor Identity |       |     2 |       ||     2
       Ancestor Life: Ba |       |     1 |       ||     1
 Abil: Spit Poison       |    17 |    28 |     5 ||    50
  Use: Scroll            |     1 |     6 |       ||     7
       Potion            |       |     1 |     2 ||     3
 Stab: Sleeping          |     5 |    19 |       ||    24
       Distracted        |       |     1 |       ||     1
       Invisible         |       |       |     1 ||     1
Armor: Robe              |     6 |    88 |     5 ||    99
Dodge: Dodged            |    12 |    95 |    19 ||   126

Table legend: (Time is in decaauts)
 A = Elapsed time spent in this place.
 B = Non-inter-level travel time spent in this place.
 C = Inter-level travel time spent in this place.
 D = Time resting spent in this place.
 E = Time spent auto-exploring this place.
 F = Levels seen in this place.
 G = Mean time per level.
                   A        B        C        D        E       F      G
               +--------+--------+--------+--------+--------+-----+--------+
         Total |   7112 |   6969 |    143 |    676 |   5100 |   6 | 1185.3 |
       Dungeon |   5823 |   5680 |    143 |    676 |   4091 |   5 | 1164.6 |
         Sewer |   1289 |   1289 |      0 |      0 |   1009 |   1 | 1289.0 |
               +--------+--------+--------+--------+--------+-----+--------+

Top non-repeatable levels by time:
     D:1: 1743 daAuts
     D:2: 1471 daAuts
   Sewer: 1289 daAuts
     D:5: 986 daAuts
     D:4: 849 daAuts
     D:3: 772 daAuts
